 Dungeon Crawl Stone Soup version 0.23.2-33-g5129a83184 (webtiles) character file.

Game seed: 6249194263636777494

270 dembora the Skirmisher (level 6, -5/48 HPs)
             Began as a Demonspawn Abyssal Knight on June 30, 2019.
             Was a Believer of Lugonu.
             Slain by an ogre
             ... wielding a +0 giant spiked club
              (7 damage)
             ... on level 4 of the Dungeon.
             The game lasted 00:27:13 (3387 turns).

dembora the Skirmisher (Demonspawn Abyssal Knight)  Turns: 3387, Time: 00:27:13

Health: -5/48      AC: 16    Str: 13    XL:     6   Next: 1%
Magic:  8/8        EV:  4    Int: 14    God:    Lugonu [**....]
Gold:   195        SH:  0    Dex: 13    Spells: 5/5 levels left

rFire    + . .     SeeInvis .   a - +1 hand axe
rCold    . . .     Gourm    .   (no shield)
rNeg     . . .     Faith    .   q - +2 plate armour {rF+}
rPois    .         Spirit   .   (helmet restricted)
rElec    .         Reflect  .   (no cloak)
rCorr    .         Harm     .   e - +2 pair of gloves
MR       .....                  (no boots)
Stlth    ..........             (no amulet)
HPRegen  0.16/turn              g - ring of flight
MPRegen  0.11/turn              (no ring)

@: no status effects
A: antennae 1, rot immunity
a: Depart the Abyss, Bend Space, Renounce Religion, Evoke Flight


You were on level 4 of the Dungeon.
You worshipped Lugonu.
Lugonu was pleased with you.
You were not hungry.

You visited 1 branch of the dungeon, and saw 4 of its levels.
You visited the Abyss 1 time.

You collected 195 gold pieces.

Inventory:

Hand Weapons
 a - a +1 hand axe (weapon)
 k - a +0 dagger of venom
Missiles
 r - 3 tomahawks (quivered)
Armour
 e - a +2 pair of gloves (worn)
 q - a +2 plate armour of fire resistance (worn)
Jewellery
 b - an uncursed amulet of magic regeneration {unknown}
 g - a ring of flight (left hand)
 p - an uncursed ring of resist corrosion {unknown}
Scrolls
 i - 2 scrolls of identify
 l - a scroll of fog {unknown}
 m - a scroll of amnesia {unknown}
 o - a scroll of enchant weapon {unknown}
 u - 2 scrolls of teleportation {unknown}
Potions
 d - a potion of heal wounds {unknown}
 f - 4 potions of curing
 h - a potion of invisibility {unknown}
Comestibles
 c - 5 rations


   Skills:
 + Level 3.9 Fighting
 + Level 2.6 Short Blades
 + Level 2.9 Axes
 + Level 2.9 Armour
 + Level 1.6 Dodging
 + Level 0.2 Stealth
 + Level 3.0 Invocations


You had 5 spell levels left.
You didn't know any spells.
Your spell library was empty.

Dungeon Overview and Level Annotations

Branches:
Dungeon (4/15)
 Temple: D:4-7

Altars:
Ashenzari
Elyvilon
Makhleb


Innate Abilities, Weirdness & Mutations

You have a pair of small antennae on your head.
You are immune to rotting.


Message History

The ogre barely misses you.
You hit the ogre.
The ogre is almost dead.
The ogre hits you with a +0 giant spiked club!
* * * LOW HITPOINT WARNING * * *
You hit the ogre but do no damage.
The ogre is almost dead.
The ogre hits you but does no damage.
You hit the ogre.
The ogre is almost dead.
The ogre hits you but does no damage.
Your plate armour prevents you from hitting the ogre.
The ogre is almost dead.
It was a potion of curing.
You feel better.
The ogre hits you with a +0 giant spiked club!
* * * LOW HITPOINT WARNING * * *
Your plate armour prevents you from hitting the ogre.
The ogre is almost dead.
The ogre hits you with a +0 giant spiked club!
You die...

###.####### #.....
...#
##.#.#####.###.#..
#..........<......
#
#..#.#####.#.....#
#.#..#.# #.##...##
#.#..#.#####.#
#.##
#............# .#
###@########## #
#O# (.. #...#
#...# ##.#. ....
###..


You could see an ogre.

Vanquished Creatures
  An orc priest (D:3)
  2 orc wizards (D:3)
  A centaur skeleton (D:3)
  Terence (D:2)
  Natasha (D:3)
  2 adders (D:2)
  A worm (D:2)
  2 dart slugs
  A leopard gecko (D:1)
  7 orcs (D:3)
  3 bats
  6 giant cockroaches
  12 goblins
  10 hobgoblins
  4 jackals
  A quokka (D:2)
  A ball python (D:3)
  4 frilled lizards (D:2)
  6 kobolds
  4 rats
70 creatures vanquished.

Notes
Turn   | Place    | Note
-------+----------+-------------------------------------------
     0 | Abyss:1  | dembora the Demonspawn Abyssal Knight began the quest for
                  | the Orb.
     0 | Abyss:1  | Reached XP level 1. HP: 18/18 MP: 2/2
    66 | Abyss:1  | Noticed a bone dragon
    73 | Abyss:1  | Noticed a smoke demon
    83 | D:1      | Escaped the Abyss
   619 | D:1      | Reached skill level 1 in Dodging
   619 | D:1      | Gained mutation: You have a pair of small antennae on your
                  | head. [demonic ancestry]
   619 | D:1      | Reached XP level 2. HP: 19/24 MP: 3/3
   631 | D:1      | Reached * piety under Lugonu
   916 | D:1      | Reached XP level 3. HP: 25/29 MP: 5/5
  1251 | D:2      | Found a burning altar of Makhleb.
  1251 | D:2      | Found a white marble altar of Elyvilon.
  1252 | D:2      | Found a shattered altar of Ashenzari.
  1477 | D:2      | Noticed Terence
  1488 | D:2      | Killed Terence
  1529 | D:2      | Reached XP level 4. HP: 33/37 MP: 6/6
  1631 | D:2      | Reached skill level 1 in Short Blades
  1916 | D:2      | Reached ** piety under Lugonu
  2509 | D:3      | Noticed Natasha
  2519 | D:3      | Killed Natasha
  2687 | D:3      | Reached XP level 5. HP: 42/42 MP: 7/7
  3203 | D:3      | Gained mutation: You are immune to rotting. [demonic
                  | ancestry]
  3203 | D:3      | Reached XP level 6. HP: 46/48 MP: 8/8
  3386 | D:4      | HP: 2/48 [ogre/+0 giant spiked club (9)]
  3387 | D:4      | Slain by an ogre

Skill      XL: |  1  2  3  4  5 |
---------------+----------------+-----
Axes           | 2 |  2.9
Dodging        | 1 |  1.6
Armour         | 2 |  2.9
Invocations    | 3 |  3.0
Short Blades   | 1 2 |  2.6
Fighting       | |  3.9
Stealth        | |  0.2

Action                   |  1- 3 |  4- 6 || total
-------------------------+-------+-------++-------
Melee: Hand axe          |    51 |    49 ||   100
       Dagger            |    63 |   137 ||   200
Invok: Depart the Abyss  |     1 |       ||     1
  Use: Scroll            |     1 |     2 ||     3
       Potion            |       |     1 ||     1
  Eat: Ration            |     1 |       ||     1
       Chunk             |       |     5 ||     5
Armor: Leather armour    |    11 |       ||    11
       Ring mail         |    23 |       ||    23
       Scale mail        |     4 |     7 ||    11
       Chain mail        |       |    31 ||    31
       Plate armour      |       |   102 ||   102
Dodge: Dodged            |    72 |    45 ||   117
